 Dungeon Crawl Stone Soup version 0.20-a0-700-gbd4582c (webtiles) character file.

122 Laan the Bolt Thrower (level 4, 0/36 HPs)
             Began as a Centaur Hunter on Feb 20, 2017.
             Slain by an orc priest (2 damage)
             ... on level 3 of the Dungeon.
             The game lasted 00:04:08 (2154 turns).

Laan the Bolt Thrower (Centaur Hunter)              Turns: 2154, Time: 00:04:09

Health: 0/36       AC:  5    Str: 15    XL:     4   Next: 78%
Magic:  4/4        EV:  9    Int: 10    God:
Gold:   230        SH:  0    Dex: 10    Spells: 3/3 levels left

rFire    . . .     SeeInvis .   b - +0 short sword
rCold    . . .     Gourm    .   c - +0 leather armour
rNeg     . . .     Faith    .   (no shield)
rPois    .         Spirit   .   l - +0 hat
rElec    .         Reflect  .   n - +0 cloak (curse)
rCorr    +         Harm     .   (no gloves)
MR       .....                  (no barding)
Stlth    +.........             (no amulet)
Regen    0.2/turn               e - ring of resist corrosion
MPRegen  0.1/turn               (no ring)

@: very quick
A: hooves 3, deformed body, speed 2, tough skin 3
a: no special abilities


You were on level 3 of the Dungeon.
You were not hungry.

You visited 1 branch of the dungeon, and saw 3 of its levels.

You collected 230 gold pieces.

Inventory:

Hand Weapons
 a - a +1 hand crossbow
 b - a +0 short sword (weapon)
 g - a -1 whip
Missiles
 d - 7 bolts
Armour
 c - a +0 leather armour (worn)
 l - a +0 hat (worn)
 n - a cursed +0 cloak (worn)
Jewellery
 e - a ring of resist corrosion (right hand)
Scrolls
 k - 3 scrolls of identify
 o - a scroll of amnesia
Potions
 j - a potion of degeneration {unknown}
 p - a potion of magic {unknown}
 q - a potion of cancellation {unknown}
Comestibles
 f - 4 bread rations
 h - 17 chunks of flesh
 i - 3 fruits
 m - a royal jelly


   Skills:
 - Level 2.0 Fighting
 + Level 6.8 Crossbows
 - Level 1.3 Dodging
 - Level 0.4 Stealth


You had 3 spell levels left.
You didn't know any spells.

Dungeon Overview and Level Annotations

Branches:
Dungeon (3/15)

Altars:


Innate Abilities, Weirdness & Mutations

You have hooves in place of feet.
Armour fits poorly on your strangely shaped body.
You cover ground very quickly.
You have extremely tough skin. (AC +3)


Message History

The orc priest barely misses you.
You closely miss the orc priest.
The orc priest is severely wounded.
The orc priest barely misses you.
You hit the orc priest.
The orc priest is severely wounded.
The orc priest invokes the aid of Beogh against you.
Beogh smites you!
* * * LOW HITPOINT WARNING * * *
You hit the orc priest.
You kick the orc priest, but do no damage.
The orc priest is almost dead.
The orc priest barely misses you.
You hit the orc priest but do no damage.
The orc priest is almost dead.
The orc priest looks braver for a moment.
You hit the orc priest but do no damage.
The orc priest is almost dead.
The orc priest hits you.
You die...

.#.# .#.# .. .#.# ###.
)#.# .(.. .#.# ..)
.#.######. #..
.......... #o#
##.###### . #o# #.#
.### #@# #.# ..# #.#
#.# #.# #.#
#.#########.###.#.#.#
##...<...............#
.................#####
.#######..##.#####
.............#
.#######.<####


You could see an orc priest and an orc.

Vanquished Creatures
  An iguana (D:3)
  3 adders (D:2)
  2 worms (D:2)
  3 orcs (D:3)
  A ball python (D:1)
  8 bats
  3 giant cockroaches (D:2)
  5 goblins
  11 hobgoblins
  6 jackals (D:2)
  A quokka (D:3)
  2 frilled lizards
  6 kobolds
  3 rats (D:1)
55 creatures vanquished.

Notes
Turn   | Place    | Note
-------+----------+-------------------------------------------
     0 | D:1      | Laan the Centaur Hunter began the quest for the Orb.
     0 | D:1      | Reached XP level 1. HP: 17/17 MP: 1/1
   783 | D:1      | Reached XP level 2. HP: 23/24 MP: 2/2
   877 | D:2      | Reached skill level 5 in Crossbows
  1176 | D:2      | HP: 1/24 [poisoned by an adder]
  1180 | D:2      | Reached XP level 3. HP: 16/29 MP: 3/3
  1615 | D:2      | Reached skill level 6 in Crossbows
  1622 | D:2      | Reached XP level 4. HP: 20/36 MP: 4/4
  2154 | D:3      | Slain by an orc priest

Vault maps used:
D:1:      shiori_arrival_oz
D:2:      minmay_joined_circles
D:3:      first_bread

Skill      XL: |  1  2  3 |
---------------+----------+-----
Crossbows      | 5 6 |  6.8
Fighting       | |  2.0
Dodging        | |  1.3
Stealth        | |  0.4

Action                   |  1- 3 |  4- 6 || total
-------------------------+-------+-------++-------
Melee: Short sword       |    21 |    57 ||    78
       Whip              |   113 |       ||   113
       Kick              |    32 |    12 ||    44
 Fire: Hand crossbow     |    13 |    36 ||    49
  Use: Scroll            |     4 |       ||     4
       Potion            |     3 |       ||     3
  Eat: Chunk             |     1 |     2 ||     3
Armor: Leather armour    |    46 |    36 ||    82
Dodge: Dodged            |    83 |    46 ||   129
